 Dungeon Sprint DCSS version 0.30-a0-1160-g6e42c06551 (webtiles) character file.

Game seed: 7615300505510939352

3108 FlurksSlurper the Covert (level 9, -6/75 HPs)
             Began as a Demonspawn Brigand on Apr 26, 2023.
             Was an Initiate of Gozag.
             Mangled by a merfolk
             ... wielding a +0 trident
              (12 damage)
             ... in the Dungeon (Sprint V: "Ziggurat Sprint").
             The game lasted 00:04:14 (363 turns).

FlurksSlurper the Covert (Demonspawn Brigand)        Turns: 363, Time: 00:04:14

Health: -6/75      AC: 25    Str: 11    XL:     9   Next: 60%
Magic:  19/19      EV:  0    Int: 13    God:    Gozag
Gold:   1116       SH:  5    Dex: 31    Spells: 21/21 levels left

rFire   + . .        a - +27 heavy crossbow "Sniper" {heavy, Acc+∞ SInv}
rCold   + . .        (shield currently unavailable)
rNeg    . . .        l - +5 gold dragon scales
rPois   +            (helmet restricted)
rElec   .            c - +0 cloak
rCorr   .            (no gloves)
SInv    +            (no boots)
Will    .....        F - amulet of the Past {Reflect Slay+3 SH+5 Stlth+}
Stlth   x              - +6 ring of dexterity
HPRegen 0.32/turn    y - +6 ring of dexterity
MPRegen 0.16/turn

%: no teleportation, reflection
@: hasted, very quick
A: horns 1, thin metallic scales 2, demonic guardian 1
a: Renounce Religion, Potion Petition, Call Merchant, Bribe Branch


You were in the Dungeon.
You worshipped Gozag.
Gozag was most pleased with you.
You visited 1 branch You collected 1116 gold pieces.

Inventory:

Hand Weapons
 a - the +27 heavy crossbow "Sniper" (weapon) {heavy, Acc+∞ SInv}
   (You found it in the Dungeon)

   Acc+∞: It never misses its target.
   SInv:      It lets you see invisible.
 b - the +11 triple sword "Sineelei" {spect, rPois Will- Str+5}
   (You found it in the Dungeon)

   Str:       It affects your strength (+5).
   rPois:     It protects you from poison.
   Will:      It decreases your willpower.
 C - the +6 shillelagh "Devastator" {shatter}
   (You found it in the Dungeon)
 E - the +8 storm bow {elec, penet}
   (You found it in the Dungeon)
Missiles
 d - 9 poisoned darts
 e - 3 curare-tipped darts
Armour
 c - a +0 cloak (worn)
 l - +5 gold dragon scales (worn)
 w - the +15 Maxwell's patent armour {-Cast -Tele rElec Will+ rCorr}
   (You found it in the Dungeon)

   rElec:     It insulates you from electricity.
   -Cast:     It prevents spellcasting.
   -Tele:     It prevents most forms of teleportation.
   rCorr:     It protects you from acid and corrosion.
   Will:      It increases your willpower.
 A - the +18 shield of the Gong {Loud rN+ Will+ rCorr EV-5}
   (You found it in the Dungeon)

   Loud:      It is deafeningly noisy when blocking attacks.
   EV:        It affects your evasion (-5).
   rN:        It protects you from negative energy.
   rCorr:     It protects you from acid and corrosion.
   Will:      It increases your willpower.
Jewellery
 x - a +6 ring of dexterity (left hand)
 y - a +6 ring of dexterity (right hand)
 z - a +6 ring of intelligence
 B - a +6 ring of strength
 F - the amulet of the Past (around neck) {Reflect Slay+3 SH+5 Stlth+}
   (You found it in the Dungeon)

   [amulet of reflection]

   It reflects blocked missile attacks.
   Slay:      It affects your accuracy & damage with ranged weapons and melee
   (+3).
   SH:        It affects your SH (+5).
   Stlth:     It makes you more stealthy.
 H - an amulet of magic regeneration
Wands
 u - a wand of mindburst (7)
 v - a wand of quicksilver (7)
 D - a wand of charming (7)
Scrolls
 k - 3 scrolls of blinking
 o - 4 scrolls of enchant armour
 q - 4 scrolls of amnesia
 r - 7 scrolls of fog
 s - 5 scrolls of identify
 t - 2 scrolls of fear
Potions
 f - 10 potions of curing
 g - 7 potions of heal wounds
 h - 4 potions of haste
 i - 7 potions of magic
 j - 3 potions of berserk rage
 m - 2 potions of invisibility
 n - 4 potions of resistance
 p - 5 potions of might
 G - 2 potions of brilliance
Miscellaneous
 I - a box of beasts


   Skills:
 * Level 8.5 Fighting
 + Level 3.7 Short Blades
 * Level 10.7 Ranged Weapons
 * Level 5.2 Throwing
 * Level 7.2 Armour
 + Level 2.2 Dodging
 + Level 11.4 Stealth
 + Level 1.5 Shields
 * Level 6.9 Spellcasting
 * Level 3.9 Evocations


You had 21 spell levels left.
You didn't know any spells.
Your spell library contained the following spells:

 Spells                   Type           Power      Damage    Failure   Level
 Magic Dart               Conj           16%        1d3       100%        1
 Call Imp                 Summ           8%         N/A       100%        2
 Gell's Gravitas          Tloc           4%         N/A       100%        3
 Mephitic Cloud           Conj/Pois/Air  4%         N/A       100%        3
 Teleport Other           Tloc           4%         N/A       100%        3
 Iskenderun's Battlesphe  Conj           4%         2d6       100%        5
 Dispersal                Tloc           2%         N/A       100%        6
 Iron Shot                Conj/Erth      2%         9d2       100%        6
 Spellforged Servitor     Conj/Summ      2%         N/A       100%        7


Dungeon Overview and Level Annotations

Branches:
Dungeon (1/1)

Altars:
Ashenzari
Cheibriados
Dithmenos
Fedhas
Gozag
Hepliaklqana
Kikubaaqudgha
Makhleb
Nemelex Xobeh
Okawaru
Qazlal
Ru
Sif Muna
Trog
Uskayaw
Vehumet
Wu Jian
Xom
Yredelemnul
Jiyva
Lugonu

Annotations:
D 1 transporter


Innate Abilities, Weirdness & Mutations

You have a pair of small horns on your head.
You are mostly covered in thin metallic scales. (AC +3)
A weak demonic guardian rushes to your aid.


Message History

The merfolk hits you but does no damage.
Unknown command.
Blink to where?
Press: ? - help, Dir - move target
As you read the scroll of blinking, it crumbles to dust.
Your iron imp closely misses the merfolk.
Unknown command.
You feel much better.
The merfolk throws a throwing net.
The throwing net hits you.
You become entangled in the net!
Unknown command.
You cannot shoot with your heavy crossbow "Sniper" while held in a net.
You feel yourself speed up.
The merfolk hits you from afar with a +0 trident.
Unknown command.
You tear a large gash into the net.
You shred the net and break free!
The merfolk hits you from afar with a +0 trident.
The merfolk completely misses you. x2
Fire: a) +27 heavy crossbow "Sniper" {heavy, Acc+∞ SInv}
Press: ? - help, Q - select action, (/) - cycle Shift-Dir - straight line, f - merfolk
Aim: a merfolk, wielding a +0 trident (100% to hit)
You shoot a bolt. The bolt hits the merfolk!!
The merfolk is severely wounded.
The merfolk hits you from afar with a +0 trident.
Your iron imp hits the merfolk!
The merfolk hits you from afar with a +0 trident!
* * * LOW HITPOINT WARNING * * *
The merfolk hits you from afar with a +0 trident.
* * * LOW HITPOINT WARNING * * *
Your iron imp misses the merfolk.
The merfolk hits you from afar with a +0 trident!
* * * LOW HITPOINT WARNING * * *
The merfolk hits you from afar with a +0 trident.
* * * LOW HITPOINT WARNING * * *
The merfolk hits you but does no damage.
Your iron imp hits the merfolk but does no damage.
The merfolk completely misses you.
The merfolk hits you from afar with a +0 trident!
You die...
Your body crumbles into a pile of gold.

▓.8©8.▓.8©8.▓.8©8.▓
▓.....▓."...▓.....▓
▓.....▓.=...▓.....▓
▓.....▓.....▓.....▓
▓.....▓.....▓.....▓
▓.))).▓.....▓..©..▓
▓.)©..▓..©..▓▓▓▓▓▓▓
▓▓▓▓▓▓▓▓▓▓▓▓▓▓▓▓▓▓
..8©8...▓..8©8..@▓
..[)....▓..=):m..▓
........▓..[.:mm.▓
........▓..$..5..▓
........▓.$......▓
.▓))).▓.▓.▓....▓.▓
..)©....▓...©....▓
▓▓▓▓▓▓▓▓▓▓▓▓▓▓▓▓▓▓


You could see 3 merfolk and a friendly iron imp (summoned).

Vanquished Creatures
  4 draconians (D)
  A rust devil (D)
  2 yaktaurs (D)
  2 merfolk (D)
  A jumping spider (D)
  2 centaurs (D)
  A scorpion (D)
  A quasit (D)
  A shadow imp (D)
15 creatures vanquished.

Notes
Turn   | Place    | Note
-------+----------+-------------------------------------------
     0 | D        | FlurksSlurper the Demonspawn Brigand began the quest for
                  | the Orb.
     0 | D        | Reached XP level 1. HP: 16/16 MP: 1/1
    16 | D        | Found a shimmering blue altar of Sif Muna.
    16 | D        | Found a bloodstained altar of Trog.
    16 | D        | Found a sacrificial altar of Ru.
    16 | D        | Found a stormy altar of Qazlal.
    16 | D        | Found an iron altar of Okawaru.
    17 | D        | Found a sparkling altar of Nemelex Xobeh.
    17 | D        | Found a blossoming altar of Fedhas.
    17 | D        | Found the +6 Majin-Bo {spellvamp, MP+6 Int+6}
    17 | D        | Found the +27 heavy crossbow "Sniper" {heavy, Acc+∞ SInv}
    17 | D        | Found the +10 dark maul {heavy}
    17 | D        | Found the +15 Maxwell's patent armour {-Cast -Tele rElec
                  | Will+ rCorr}
    17 | D        | Found the +18 shield of the Gong {Loud rN+ Will+ rCorr
                  | EV-5}
    17 | D        | Found the +16 obsidian axe {drain, demonic, Mesm Drain Fly
                  | SInv}
    17 | D        | Found the +7 great mace "Firestarter" {flame, immolate,
                  | rFlCloud rF++}
    17 | D        | Found the +6 shillelagh "Devastator" {shatter}
    17 | D        | Found the +11 plutonium sword {Contam Stlth-}
    17 | D        | Found the +8 lance "Wyrmbane" {slay drac, rPois rF+ rC+
                  | AC+3}
    17 | D        | Found the +9 sword of Zonguldrok {reap}
    17 | D        | Found the +13 scythe of Curses {drain, curses, Drain}
    17 | D        | Found the +9 sword of Power {lifebolt}
    17 | D        | Found the +7 mace of Variability {chaos, chaos arc}
    17 | D        | Found the +11 Singing Sword {sonic wave}
    17 | D        | Found the +8 storm bow {elec, penet}
    19 | D        | Found a transporter.
    19 | D        | Found an ancient bone altar of Kikubaaqudgha.
    19 | D        | Found a viscous altar of Jiyva.
    19 | D        | Found a corrupted altar of Lugonu.
    19 | D        | Found a hazy altar of Hepliaklqana.
    19 | D        | Found a burning altar of Makhleb.
    19 | D        | Found an opulent altar of Gozag.
    59 | D        | Became a worshipper of Gozag Ym Sagoz the Greedy
    63 | D        | Gained mutation: A weak demonic guardian rushes to your
                  | aid. [demonic ancestry]
    63 | D        | Reached XP level 2. HP: 22/22 MP: 2/2
    71 | D        | Entered arena 2.
    71 | D        | Noticed a jumping spider
    71 | D        | Noticed a scorpion
    71 | D        | Found a transporter.
    72 | D        | Killed a jumping spider
    73 | D        | Reached skill level 1 in Dodging
    73 | D        | Reached skill level 6 in Stealth
    73 | D        | Reached XP level 3. HP: 23/29 MP: 2/7
    73 | D        | Reached XP level 4. HP: 28/35 MP: 2/8
    73 | D        | Gained mutation: You are partially covered in thin metallic
                  | scales. (AC +2) [demonic ancestry]
    73 | D        | Reached XP level 5. HP: 33/41 MP: 2/9
    74 | D        | Reached skill level 7 in Stealth
   106 | D        | Entered arena 3.
   106 | D        | Noticed a rust devil
   106 | D        | Found a transporter.
   108 | D        | Killed a rust devil
   109 | D        | Reached skill level 5 in Fighting
   109 | D        | Reached skill level 9 in Stealth
   109 | D        | Reached XP level 6. HP: 32/51 MP: 7/12
   109 | D        | Gained mutation: You are mostly covered in thin metallic
                  | scales. (AC +3) [demonic ancestry]
   109 | D        | Reached XP level 7. HP: 36/56 MP: 7/13
   119 | D        | Got the amulet of the Past {Reflect Slay+3 SH+5 Stlth+}
   188 | D        | Entered arena 4.
   188 | D        | Noticed a yaktaur
   188 | D        | Noticed a yaktaur
   188 | D        | Found a transporter.
   193 | D        | Killed a yaktaur
   194 | D        | Reached skill level 5 in Armour
   194 | D        | Reached skill level 5 in Spellcasting
   194 | D        | Killed a yaktaur
   195 | D        | Reached skill level 10 in Stealth
   195 | D        | Gained mutation: You have a pair of small horns on your
                  | head. [demonic ancestry]
   195 | D        | Reached XP level 8. HP: 53/65 MP: 13/16
   211 | D        | Got the +11 triple sword "Sineelei" {spect, rPois Will-
                  | Str+5}
   221 | D        | Entered arena 5.
   221 | D        | Noticed a draconian
   221 | D        | Noticed a draconian
   221 | D        | Noticed a draconian
   221 | D        | Noticed a draconian
   221 | D        | Found a transporter.
   223 | D        | Killed a draconian
   224 | D        | Reached skill level 1 in Evocations
   227 | D        | Killed a draconian
   228 | D        | Reached skill level 11 in Stealth
   228 | D        | Reached skill level 1 in Shields
   230 | D        | Killed a draconian
   231 | D        | Reached skill level 10 in Ranged Weapons
   231 | D        | Reached XP level 9. HP: 34/74 MP: 18/18
   231 | D        | Killed a draconian
   352 | D        | Entered arena 6.
   352 | D        | Noticed a merfolk
   352 | D        | Noticed a merfolk
   352 | D        | Noticed a merfolk
   352 | D        | Noticed a merfolk
   352 | D        | Noticed a merfolk
   352 | D        | Found a transporter.
   353 | D        | Killed a merfolk
   354 | D        | Reached skill level 5 in Throwing
   354 | D        | Killed a merfolk
   363 | D        | Mangled by a merfolk

Illustrated notes

Levels and vault maps discovered:
D:        sprint_v [room_start, room_1, room_2, room_3, room_4, room_5, room_6,
          room_7, room_8, room_9, room_10, room_11, room_12, room_13, room_14,
          room_15, room_16, room_17, room_18, room_19, room_20, room_21,
          room_22, room_23, room_24, room_25, room_26, room_27]

Skill      XL: |  1  2  3  4  5  6  7  8  9 |
---------------+----------------------------+-----
Ranged Weapons | 6 7 8 10 | 10.7
Fighting       | 3 5 6 7 8 |  8.5
Short Blades   | 2 3 |  3.7
Throwing       | 2 3 4 5 |  5.2
Armour         | 2 4 5 6 7 |  7.2
Dodging        | 1 2 |  2.2
Stealth        | 6 9 10 11 | 11.4
Spellcasting   | 2 4 5 6 |  6.9
Evocations     | 3 |  3.9
Shields        | 1 |  1.5

Action                     |  1- 3 |  4- 6 |  7- 9 || total
---------------------------+-------+-------+-------++-------
   Fire: Heavy crossbow    |     1 |     3 |    19 ||    23
    Use: Potion            |     1 |       |     9 ||    10
         Scroll            |       |       |     1 ||     1
 Armour: Gold dragon scale |     4 |    16 |    96 ||   116
  Dodge: Dodged            |       |       |     4 ||     4
  Block: Other             |       |       |    15 ||    15
         Reflection        |       |       |     1 ||     1

Table legend: (Time is in decaauts)
 A = Elapsed time spent in this place.
 B = Non-inter-level travel time spent in this place.
 C = Inter-level travel time spent in this place.
 D = Time resting spent in this place.
 E = Time spent auto-exploring this place.
 F = Levels seen in this place.
 G = Mean time per level.
                   A        B        C        D        E       F      G
               +--------+--------+--------+--------+--------+-----+--------+
         Total |    413 |    413 |      0 |    166 |      0 |   1 |  413.0 |
       Dungeon |    413 |    413 |      0 |    166 |      0 |   1 |  413.0 |
               +--------+--------+--------+--------+--------+-----+--------+

Top non-repeatable levels by time:
       D: 413 daAuts
